Map: Jagannatha LE

Players

Scarlett - Winner!

  • Race: Zerg Zerg
  • League: Master
  • Spawn Location: 1:00

Neeb

  • Race: Protoss Protoss
  • Spawn Location: 7:00

Event: DreamHack SC2 Masters 2020 Winter

VOD

Have the link to the VOD?

Description

Time

  • Played on: Nov. 4, 2020, 4:51 p.m.
  • Length: 15:49

All games in this series

Show
View Real Time Build Order
Export as new Build Order

Scarlett Zerg - Winner!

Build Orders: Hatch First, Lurkers 

Get SALT Encoding   

  12  0:00  Drone  
  13  0:12  Overlord  
  13  0:16  Drone  
  14  0:30  Drone x2  
  16  0:48  Hatchery  
  15  0:51  Drone  
  15  0:55  Drone  
  17  0:57  Drone  
  18  1:10  Extractor  
  17  1:14  Spawning Pool  
  17  1:17  Drone  
  17  1:20  Drone  
  18  1:27  Drone  
  20  1:40  Extractor  
  20  1:41  Drone  
  20  1:51  Drone  
  21  2:00  Roach Warren  
  21  2:01  Queen  
  22  2:04  Spine Crawler x2  
  20  2:09  Overlord  
  20  2:11  Overlord  
  22  2:36  Queen  
  24  2:40  Roach x2  
  24  2:43  Roach  
  30  2:57  Drone  
  31  3:00  Ravager x2  
  31  3:04  Ravager  
  34  3:06  Overlord  
  34  3:17  Hatchery  
  33  3:22  Queen  
  35  3:27  Drone  
  35  3:29  Drone x2  
  38  3:43  Drone  
  38  3:44  Hatchery  
  38  3:58  Drone x4  
  42  4:17  Drone x2, Queen  
  46  4:29  Queen, Overlord  
  48  4:31  Drone  
  48  4:36  Drone x2  
  51  4:43  Overlord  
  51  4:47  Drone  
  52  5:14  Drone x7  
  56  5:17  Queen  
  56  5:18  Overlord  
  60  5:34  Drone x6, Queen  
  66  5:43  Overlord  
  66  5:46  Lair, Metabolic Boost  
  66  5:49  Evolution Chamber  
  61  5:53  Drone x6, Spore Crawler, Queen  
  61  5:57  Spore Crawler  
  67  6:00  Drone x3  
  67  6:10  Queen  
  67  6:11  Drone x3  
  69  6:19  Zergling x16  
  69  6:20  Zerg Missile Weapons Level 1  
  69  6:22  Drone  
  69  6:23  Extractor  
  69  6:24  Extractor x2  
  69  6:25  Extractor  
  74  6:32  Roach x2  
  78  6:36  Drone x2  
  80  6:42  Drone  
  80  6:45  Hatchery  
  80  6:46  Drone x9  
  89  6:54  Hydralisk Den  
  88  6:55  Overlord x2  
  88  6:56  Overseer  
  88  7:03  Glial Reconstitution  
  84  7:10  Drone x5  
  84  7:12  Overseer  
  88  7:17  Drone  
  88  7:18  Drone x6  
  95  7:30  Overlord x3  
  95  7:32  Hydralisk x3  
  95  7:35  Muscular Augments  
  101  7:41  Overlord x3  
  101  7:50  Hydralisk x4  
  109  8:05  Drone x10, Infestation Pit  
  119  8:08  Spore Crawler, Lurker Den  
  116  8:21  Drone x2  
  116  8:22  Drone  
  116  8:24  Zerg Missile Weapons Level 2  
  116  8:26  Hydralisk x5  
  129  8:28  Evolution Chamber  
  128  8:35  Extractor  
  128  8:36  Drone x3, Extractor  
  128  8:37  Drone x3  
  128  8:39  Drone x3  
  128  8:40  Drone  
  136  8:42  Drone x2  
  136  8:46  Grooved Spines, Overlord x2  
  138  8:58  Hydralisk  
  138  8:59  Hydralisk x6  
  150  9:03  Hive  
  150  9:06  Zerg Ground Armor Level 1  
  150  9:15  Hatchery  
  149  9:19  Lurker x7  
  156  9:30  Overlord  
  156  9:31  Overlord x3  
  153  9:35  Hydralisk x7  
  167  9:50  Hydralisk x5  
  167  9:51  Hydralisk x2  
  181  9:59  Drone  
  182  10:00  Spine Crawler  
  182  10:04  Hydralisk x6  
  193  10:10  Extractor  
  193  10:11  Extractor  
  191  10:14  Hydralisk  
  191  10:15  Hydralisk x3  
  191  10:19  Zergling x2  
  200  10:23  Adrenal Glands  
  199  10:35  Seismic Spines  
  199  10:39  Spine Crawler  
  199  10:40  Spore Crawler  
  199  10:42  Spine Crawler  
  180  11:08  Zerg Missile Weapons Level 3  
  180  11:10  Lurker x7  
  184  11:14  Hydralisk x3  
  184  11:18  Zergling x2, Hydralisk x2  
  192  11:19  Zergling x8  
  188  11:42  Drone x2  
  188  11:43  Spine Crawler  
  188  11:44  Spine Crawler  
  188  11:45  Lurker  
  188  11:46  Lurker x4  
  193  11:52  Lurker x4  
  197  12:07  Lurker x3  
  200  12:14  Hatchery  
  197  12:17  Spire  
  197  12:20  Spire  
  182  12:38  Hydralisk x11  
  182  12:42  Spine Crawler  
  182  12:43  Spine Crawler  
  189  12:47  Zerg Ground Armor Level 2  
  189  12:53  Adaptive Talons  
  190  12:58  Zergling x22  
  158  13:12  Hydralisk  
  158  13:13  Hydralisk x11  
  158  13:14  Zergling x38  
  185  13:24  Hydralisk x5  
  185  13:25  Zergling x8  
  193  13:40  Hydralisk x5  
  193  13:41  Zergling x2  
  194  13:49  Zerg Flyer Weapons Level 1, Zerg Flyer Armor Level 1  
  184  13:56  Hydralisk x8  
  184  14:04  Viper  
  172  14:11  Viper  
  166  14:19  Zergling x44  
  166  14:23  Viper  
  189  14:29  Lurker x2  
  189  14:30  Extractor  
  189  14:31  Extractor  
  186  14:32  Drone x3  
  186  14:33  Drone x4  
  190  14:40  Lurker x4  
  194  14:53  Corruptor  
  194  14:54  Corruptor  
  194  14:58  Lurker  
  194  14:59  Lurker  
  199  15:07  Overseer x3  
  199  15:13  Spore Crawler x3  
  196  15:16  Spore Crawler, Corruptor  
Show
View Real Time Build Order
Export as new Build Order

Neeb Protoss 

Build Orders: Carriers, Chargelot Immortal 

Get SALT Encoding   

  12  0:00  Probe  
  13  0:12  Probe  
  14  0:20  Pylon  
  14  0:25  Probe  
  15  0:38  Probe (Chrono Boost)  
  15  0:42  Forge  
  16  0:48  Probe (Chrono Boost)  
  17  0:53  Probe (Chrono Boost)  
  18  1:15  Pylon  
  18  1:18  Probe  
  19  1:20  Pylon x2  
  19  1:34  Photon Cannon, Gateway  
  19  1:36  Probe  
  20  1:41  Assimilator  
  20  1:48  Probe  
  21  2:00  Probe (Chrono Boost)  
  22  2:05  Nexus  
  22  2:10  Assimilator  
  22  2:12  Probe (Chrono Boost)  
  23  2:17  Probe (Chrono Boost)  
  24  2:22  Cybernetics Core  
  24  2:28  Probe  
  25  2:36  Pylon  
  25  2:40  Probe  
  26  2:52  Probe  
  26  2:54  Pylon  
  27  3:01  Stargate  
  27  3:05  Probe  
  27  3:09  Gateway  
  28  3:18  Photon Cannon  
  28  3:23  Shield Battery  
  29  3:33  Gateway  
  28  3:35  Void Ray (Chrono Boost)  
  32  3:49  Probe x2  
  34  4:01  Probe x2  
  34  4:02  Shield Battery  
  40  4:12  Stalker  
  40  4:14  Probe  
  43  4:17  Probe  
  43  4:19  Void Ray (Chrono Boost)  
  43  4:27  Stalker  
  43  4:29  Probe  
  43  4:30  Probe  
  48  4:34  Shield Battery  
  48  4:41  Probe  
  48  4:42  Probe  
  50  4:53  Probe  
  50  4:54  Probe  
  52  5:04  Pylon  
  52  5:05  Pylon, Probe  
  53  5:11  Twilight Council  
  53  5:13  Forge  
  53  5:17  Probe  
  53  5:20  Oracle (Chrono Boost)  
  53  5:21  Assimilator  
  54  5:22  Assimilator, Probe  
  54  5:27  Pylon  
  58  5:29  Probe  
  58  5:34  Probe  
  60  5:41  Probe  
  57  5:46  Probe  
  58  5:50  Cybernetics Core  
  58  5:51  Protoss Ground Weapons Level 1  
  58  5:53  Oracle  
  61  5:59  Nexus  
  61  6:00  Pylon, Probe  
  61  6:02  Probe  
  63  6:12  Charge, Probe  
  63  6:15  Probe  
  65  6:24  Pylon, Probe  
  66  6:28  Probe, Oracle (Chrono Boost)  
  66  6:29  Warp Gate  
  70  6:36  Robotics Facility  
  70  6:37  Probe  
  70  6:39  Pylon  
  71  6:40  Probe  
  71  6:44  Sentry x2  
  76  6:49  Probe  
  76  6:50  Shield Battery  
  76  6:52  Probe  
  78  7:01  Probe  
  78  7:04  Probe  
  80  7:14  Gateway  
  80  7:15  Probe (Chrono Boost)  
  82  7:17  Gateway  
  82  7:18  Probe (Chrono Boost)  
  82  7:19  Gateway  
  82  7:20  Assimilator  
  82  7:21  Probe (Chrono Boost)  
  82  7:22  Assimilator  
  83  7:24  Observer (Chrono Boost)  
  83  7:25  Probe (Chrono Boost)  
  83  7:28  Probe (Chrono Boost)  
  83  7:29  Gateway  
  87  7:30  Gateway, Probe x2 (Chrono Boost)  
  87  7:32  Gateway  
  88  7:38  Probe, Immortal (Chrono Boost)  
  88  7:39  Templar Archives  
  88  7:40  Probe  
  88  7:42  Pylon  
  88  7:43  Probe  
  95  7:49  Protoss Ground Weapons Level 2 (Chrono Boost)  
  95  7:50  Probe  
  96  7:56  Gateway  
  96  8:08  Robotics Facility  
  96  8:12  Psionic Storm  
  96  8:14  Immortal (Chrono Boost)  
  96  8:18  Pylon  
  100  8:23  High Templar x2  
  100  8:26  Nexus  
  104  8:28  Pylon  
  104  8:31  High Templar  
  104  8:32  Zealot x5  
  116  8:43  Photon Cannon, Immortal (Chrono Boost)  
  120  8:51  Photon Cannon  
  120  8:53  High Templar x2  
  120  8:55  Probe  
  125  8:57  Warp Prism  
  125  9:00  Zealot x3  
  133  9:08  Protoss Shields Level 1 (Chrono Boost)  
  132  9:11  Probe x2  
  132  9:15  Immortal  
  138  9:21  Probe  
  139  9:25  Zealot  
  139  9:28  Pylon  
  139  9:29  Pylon  
  141  9:33  Pylon  
  141  9:34  Probe x2  
  141  9:35  Pylon, Probe  
  140  9:41  Assimilator  
  140  9:44  Probe  
  141  9:46  Assimilator  
  141  9:49  Shield Battery, Immortal (Chrono Boost)  
  141  9:52  Photon Cannon  
  145  9:54  High Templar x2  
  145  9:55  High Templar  
  145  9:56  High Templar  
  153  10:05  Photon Cannon, Protoss Air Weapons Level 1  
  157  10:08  Immortal (Chrono Boost)  
  157  10:10  Photon Cannon, Archon  
  157  10:14  Photon Cannon  
  157  10:20  Pylon  
  157  10:21  Pylon  
  161  10:28  Protoss Ground Weapons Level 3 (Chrono Boost)  
  161  10:29  Immortal (Chrono Boost)  
  161  10:33  Photon Cannon  
  159  10:37  Photon Cannon, Immortal (Chrono Boost)  
  163  10:52  Fleet Beacon  
  163  10:54  Stargate  
  160  10:58  Stargate  
  152  11:04  Pylon  
  152  11:07  High Templar x2  
  151  11:15  Immortal  
  151  11:16  Zealot  
  151  11:17  Zealot x5  
  163  11:19  Immortal  
  157  11:42  Carrier x3 (Chrono Boost)  
  171  11:54  Zealot x3  
  171  11:55  Zealot  
  179  12:04  Protoss Shields Level 2  
  179  12:24  Protoss Air Weapons Level 2  
  179  12:27  Zealot x3  
  179  12:28  Zealot x6  
  195  12:34  Nexus  
  171  12:45  Carrier x2 (Chrono Boost)  
  171  12:46  Photon Cannon  
  171  12:47  Photon Cannon  
  171  12:50  Shield Battery  
  183  12:52  Carrier (Chrono Boost)  
  171  13:09  Immortal x2  
  171  13:12  Zealot  
  155  13:17  Zealot x3  
  153  13:24  Zealot  
  153  13:25  Zealot x2  
  153  13:26  High Templar x2  
  163  13:32  Archon  
  163  13:34  Zealot  
  141  13:41  High Templar x2  
  142  13:43  Carrier (Chrono Boost)  
  117  13:55  High Templar  
  117  13:56  High Templar x3  
  117  13:58  Zealot  
  117  13:59  Zealot  
  121  14:05  Probe x2  
  121  14:06  Probe x2  
  121  14:14  Zealot x2  
  121  14:17  Warp Prism (Chrono Boost), Observer (Chrono Boost)  
  127  14:28  High Templar x2  
  127  14:29  High Templar  
  133  14:34  Archon  
  133  14:35  Zealot x4  
  141  14:55  High Templar x2, Zealot x3  
  141  14:59  Archon  
  151  15:11  High Templar  
  151  15:12  High Templar  
  155  15:18  Archon  
  155  15:19  High Templar x2  
  120  15:37  Zealot x4  
  97  15:45  Archon x2  
Tags
 
Add a new tag
Caveats
  • Supply blocks, unpowered buildings, or Contaminate may cause inaccurate times.
  • Supply counts are checked every 10 seconds.